 Dungeon Crawl Stone Soup version 0.18-a0-1303-g41c131c (webtiles) character file.

261 mrath the Digger (level 6, -1/32 HPs)
             Began as a Gargoyle Earth Elementalist on Feb 13, 2016.
             Killed from afar by an orc wizard (8 damage)
             ... with a puff of flame
             ... on level 3 of the Dungeon.
             The game lasted 00:31:14 (3366 turns).

mrath the Digger (Gargoyle Earth Elementalist)      Turns: 3366, Time: 00:31:14

Health: -1/32      AC:  8    Str: 11    XL:     6   Next: 18%
Magic:  9/12       EV: 12    Int: 18    God:
Gold:   99         SH:  0    Dex: 10    Spells: 2 memorised, 10 levels left

rFire  . . .     SeeInvis .     e - +0 mace
rCold  + . .     Gourm    +     a - +0 robe
rNeg   + . .     Faith    .     (no shield)
rPois  ∞         Spirit   .     (no helmet)
rElec  +         Dismiss  .     (no cloak)
rCorr  .         Reflect  .     f - +1 pair of gloves
SustAt .         Harm     .     (no boots)
MR     .....                    l - amulet of the gourmand (curse)
Stlth  +.........               (no ring)
                                u - ring of protection from cold

@: confused, not resistant to hostile enchantments, very unstealthy
A: negative energy resistance 1, electricity resistance, unbreathing,
petrification resistance, rot immunity, AC +4
a: no special abilities


You were on level 3 of the Dungeon.
You were completely stuffed.

You visited 1 branch of the dungeon, and saw 3 of its levels.

You collected 99 gold pieces.

Inventory:

Hand Weapons
 e - a +0 mace (weapon)
 i - a +0 flail
 m - a +0 falchion
 o - a +0 war axe
 s - a cursed -2 blowgun
Missiles
 b - 53 stones (quivered)
 q - 5 tomahawks
 r - 9 poisoned needles
Armour
 a - a +0 robe (worn)
 f - a +1 pair of gloves (worn)
 w - a +2 helmet
Rods
 p - a +0 rod of shadows (9/9)
   (You found it on level 3 of the Dungeon)
Jewellery
 l - a cursed amulet of the gourmand (around neck)
 u - a ring of protection from cold (left hand)
Scrolls
 g - a scroll of teleportation
 h - a scroll of fog
 k - 3 scrolls of identify
 v - a scroll of noise {unknown}
Potions
 n - a potion of might
Books
 c - a book of Geomancy

   Spells                             Type                      Level
   a - Sandblast                      Earth                        1
   b - Passwall                       Transmutation/Earth          2
   c - Stone Arrow                    Conjuration/Earth            3
   d - Petrify                        Transmutation/Earth          4
   e - Lee's Rapid Deconstruction     Earth                        5
Comestibles
 d - a bread ration
 j - 3 meat rations
 t - 4 chunks of flesh


   Skills:
 - Level 1.5 Dodging
 - Level 2.1 Stealth
 * Level 4.5 Spellcasting
 + Level 2.3 Conjurations
   Level 0.7 Transmutations
 + Level 5.1 Earth Magic


You had 10 spell levels left.
You knew the following spells:

 Your Spells              Type           Power        Failure   Level  Hunger
a - Sandblast             Erth           ###...       1%          1    None
b - Stone Arrow           Conj/Erth      ###...       12%         3    ###....


Dungeon Overview and Level Annotations

Branches:
Dungeon (3/15)

Altars:


Innate Abilities, Weirdness & Mutations

You are resistant to torment.
Your stone body is resilient (AC +4).
You are immune to poison.
You resist negative energy.
You are resistant to electric shocks.
You can survive without breathing.
You are immune to petrification.
You are immune to rotting.


Message History

The magic dart hits you! Something barely misses you.
You miss something. Something completely misses you.
You miss something. Something hits you. Something hits you but does no damage.
You barely miss something. Something hits you but does no damage.
You closely miss something. Something hits you but does no damage.
You miss something. Something hits you but does no damage. Something hits you.
You barely miss something. Something hits you but does no damage.
You barely miss something.
Something hits you but does no damage. x2
You hear some strange, mumbled words.
You are confused.
You're too confused to move!
You hear some strange, mumbled words.
A magic dart appears from out of thin air!
The magic dart hits you!
* * * LOW HITPOINT WARNING * * *
You barely miss something.
You hear some strange, mumbled words.
A puff of flame appears from out of thin air!
The puff of flame hits you!
You die...

.......# #?#..### #.#
.####..# #)#....# #.# .#
#### #<.....# #.# .#
#?#....# #.# .# ###....#
###.### .# ###### #.....#
## #.....#
####################.....#
....)÷)........{@........#
####################.....#
#.....# #.....# #.....#
#.....# #.....# #######


There were no monsters in sight!

Vanquished Creatures
  An orc wizard (D:3)
  An orc priest (D:3)
  Natasha (thrice) (D:2)
  Robin (D:3)
  4 adders
  An ooze (D:3)
  9 orcs
  5 giant cockroaches
  16 goblins
  11 hobgoblins
  5 kobolds
  A ball python (D:3)
  5 bats
  3 giant newts (D:1)
  4 rats
70 creatures vanquished.

Notes
Turn   | Place    | Note
--------------------------------------------------------------
     0 | D:1      | mrath the Gargoyle Earth Elementalist began the quest for the Orb.
     0 | D:1      | Reached XP level 1. HP: 10/10 MP: 3/3
   126 | D:1      | Reached XP level 2. HP: 12/15 MP: 0/5
  1281 | D:1      | Reached XP level 3. HP: 19/19 MP: 5/7
  1306 | D:1      | Learned a level 3 spell: Stone Arrow
  1324 | D:2      | Noticed Natasha
  1328 | D:2      | Killed Natasha
  1328 | D:2      | Reached skill level 4 in Earth Magic
  1521 | D:2      | Noticed Natasha
  1529 | D:2      | Killed Natasha
  1529 | D:2      | Reached skill level 1 in Conjurations
  1529 | D:2      | Reached XP level 4. HP: 16/24 MP: 1/9
  1722 | D:2      | Noticed Natasha
  1727 | D:2      | Killed Natasha
  1944 | D:2      | Reached XP level 5. HP: 28/28 MP: 8/10
  2177 | D:3      | Identified a cursed +0 rod of shadows (9/9) (You found it on level 3 of the Dungeon)
  2576 | D:3      | Noticed Robin
  2751 | D:2      | Reached skill level 5 in Earth Magic
  2773 | D:3      | Reached XP level 6. HP: 32/32 MP: 5/12
  3337 | D:3      | Killed Robin
  3366 | D:3      | Killed from afar by an orc wizard

Vault maps used:
D:1:      lemuel_arrival_funnel, corner_web_ring
D:2:      uniq_natasha
D:3:      marbit_many_paths, uniq_robin

Action                   |  1- 3 |  4- 6 || total
-------------------------+-------+-------++-------
Melee: Mace              |    27 |    25 ||    52
 Cast: Sandblast         |    42 |    94 ||   136
  Use: Scroll            |       |     8 ||     8
  Eat: Chunk             |     2 |    22 ||    24
